 Dungeon Crawl Stone Soup version 0.23.1 (webtiles) character file.

Game seed: 6713640426695311909

6180 Borgoz the Ducker (level 10, -2/84 HPs)
             Began as a Ghoul Monk on Mar 17, 2019.
             Was a Believer of Ashenzari.
             Slain by a troll (10 damage)
             ... on level 10 of the Dungeon.
             The game lasted 00:24:34 (10027 turns).

Borgoz the Ducker (Ghoul Monk)                     Turns: 10027, Time: 00:24:34

Health: -2/84      AC: 12    Str: 21    XL:     10   Next: 91%
Magic:  11/11      EV: 17    Int:  5    God:    Ashenzari [**....]
Gold:   544        SH:  0    Dex: 14    Spells: 11/12 levels left

rFire    . . .     SeeInvis .   a - +0 short sword (venom)
rCold    + . .     Gourm    .   (no shield)
rNeg     + + +     Faith    .   e - +1 ring mail
rPois    ∞         Spirit   .   (no helmet)
rElec    .         Reflect  .   j - +2 cloak {rPois}
rCorr    .         Harm     .   D - +0 pair of gloves
MR       +....                  (no boots)
Stlth    +++.......             (no amulet)
HPRegen  0.00/turn              n - ring of protection from magic
MPRegen  0.12/turn              l - +2 ring of evasion

@: mighty, rotting
A: rotting body, claws 1, carnivore, cold resistance 1, negative energy
resistance 3, inhibited regeneration, torment resistance, unbreathing
a: Curse Item, Scrying, Renounce Religion


You were on level 10 of the Dungeon.
You worshipped Ashenzari.
Ashenzari was pleased with you.
You were not hungry.

You visited 2 branches of the dungeon, and saw 11 of its levels.

You collected 614 gold pieces.
You spent 70 gold pieces at shops.

Inventory:

Hand Weapons
 a - a +0 short sword of venom (weapon)
 b - a +0 blowgun
 y - a +3 dagger
 C - a +0 rapier of speed
Missiles
 h - 7 javelins (quivered)
 o - 12 poisoned needles
 E - 3 tomahawks of returning
Armour
 e - a +1 ring mail (worn)
 j - a +2 cloak of poison resistance (worn)
 D - a +0 pair of gloves (worn)
Jewellery
 l - a +2 ring of evasion (right hand)
 n - a ring of protection from magic (left hand)
 p - an uncursed ring of fire
Wands
 f - a wand of iceblast (6)
 m - a wand of random effects (13)
 t - a wand of disintegration (16)
Scrolls
 g - 4 scrolls of teleportation
 i - 6 scrolls of remove curse
 k - 4 scrolls of blinking
 w - a scroll of random uselessness {unknown}
 z - 3 scrolls of enchant armour
Potions
 d - a potion of curing
 q - 2 potions of resistance {unknown}
 r - 2 potions of magic
 s - a potion of might
 u - a potion of degeneration {unknown}
 v - 2 potions of ambrosia {unknown}
 A - 2 potions of mutation {unknown}
Comestibles
 c - 19 rations


   Skills:
 + Level 6.9 Fighting
 * Level 7.7 Short Blades
 * Level 7.1 Armour
 * Level 7.8 Dodging
 + Level 7.0 Stealth
 + Level 1.7 Spellcasting
 + Level 1.5 Hexes


You had 11 spell levels left.
You knew the following spells:

 Your Spells              Type           Power        Failure   Level  Hunger
a - Confusing Touch       Hex            #.....       34%         1    ##.....

Your spell library contained the following spells:

 Spells                   Type           Power        Failure   Level  Hunger
 Summon Small Mammal      Summ           #...         56%         1    ##.....
 Call Imp                 Summ           #.......     71%         2    ###....
 Confuse                  Hex            #.......     71%         3    ####...
 Summon Guardian Golem    Hex/Summ       #.......     83%         3    ####...
 Call Canine Familiar     Summ           #.......     90%         3    ####...
 Gell's Gravitas          Tloc           #.........   90%         3    ####...
 Petrify                  Tmut/Erth      #.......     100%        4    #####..
 Summon Ice Beast         Ice/Summ       #.......     100%        4    #####..
 Summon Lightning Spire   Summ/Air       #.......     100%        4    #####..
 Metabolic Englaciation   Hex/Ice        #.........   100%        5    ######.
 Yara's Violent Unravell  Hex/Tmut       #.........   100%        5    ######.


Dungeon Overview and Level Annotations

Branches:
Dungeon (10/15)            Temple (1/1) D:5
   Lair: D:8-11         Orc: D:9-12

Altars:
Ashenzari
Cheibriados
Dithmenos
Elyvilon
Fedhas
Gozag
Hepliaklqana
Kikubaaqudgha
Makhleb
Nemelex Xobeh
Okawaru
Qazlal
Ru
Sif Muna
Trog
Uskayaw
Vehumet
Wu Jian
Xom
Yredelemnul
Zin
The Shining One

Shops:
D:9 !}*

Annotations:
D:9 1 runed translucent door, ThereIsNoGod's ghost, novice OpFi


Innate Abilities, Weirdness & Mutations

Your body is rotting away.
You thrive on raw meat.
You are immune to poison.
You have sharp fingernails.
You are carnivorous and can eat meat at any time.
Your flesh is cold resistant. (rC+)
You are immune to negative energy. (rN+++)
You do not regenerate when monsters are visible.
You are immune to unholy pain and torment.
You can survive without breathing.


Message History

The troll barely misses you. The troll claws you.
* * * LOW HITPOINT WARNING * * *
The troll closely misses you.
You puncture the troll!
The troll is poisoned.
The troll is moderately wounded.
The howler monkey misses you.
Okay, then.
You feel better. The worker ant zombie misses you.
The howler monkey hoots and howls with incredible vigour!
The troll bites you!
* * * LOW HITPOINT WARNING * * *
The troll claws you.
* * * LOW HITPOINT WARNING * * *
The troll claws you.
* * * LOW HITPOINT WARNING * * *
You puncture the troll!
The troll looks as sick as possible!
The troll is heavily wounded.
The howler monkey completely misses you.
The worker ant zombie misses you. The troll bites you!
You die...

*, ........#
####....# ,
...'....# *
...#)...###
#......#
#......#
#......# *
#..ZhT.#
#...@..# ,
.####.l..###
,,.........# *
*###.....# * *
#.....# #.....#
#.....# #######
##..####
....<.#####...#


You could see a troll, a wyvern, a howler monkey and a worker ant zombie.

Vanquished Creatures
  An ugly thing (D:10)
  A centaur zombie (D:10)
  A troll (D:9)
  Grinder (D:6)
  2 hippogriffs
  3 yaks
  A hungry ghost (D:7)
  Grum (D:8)
  Edmund (D:4)
  3 orc warriors
  A sky beast (D:7)
  A black bear (D:9)
  3 ice beasts
  2 necrophages
  4 ogres
  An eye of draining (D:9)
  4 wolves (D:8)
  4 centaurs
  A crocodile (D:7)
  8 bullfrogs
  A wyvern skeleton (D:8)
  2 scorpions (D:6)
  5 howler monkeys
  2 jellies (D:9)
  2 crimson imps (D:6)
  A quasit (D:9)
  A centaur skeleton (D:6)
  4 orc priests
  A hound (D:9)
  2 iguanas (D:5)
  7 orc wizards
  6 worker ants
  A hound zombie (D:9)
  A howler monkey zombie (D:9)
  A worker ant zombie (D:5)
  8 adders
  A shadow imp (D:9)
  An adder zombie (D:7)
  2 worms
  3 dart slugs
  6 leopard geckos
  32 orcs
  8 giant cockroaches
  11 goblins
  12 hobgoblins
  7 jackals
  6 kobolds
  7 quokkas
  3 ball pythons
  12 bats
  A leopard gecko skeleton (D:4)
  2 quokka skeletons (D:6)
  A quokka zombie (D:7)
  6 rats
210 creatures vanquished.

Notes
Turn   | Place    | Note
-------+----------+-------------------------------------------
     0 | D:1      | Borgoz the Ghoul Monk began the quest for the Orb.
     0 | D:1      | Reached XP level 1. HP: 19/19 MP: 0/0
    66 | D:1      | Reached XP level 2. HP: 18/26 MP: 1/1
   630 | D:1      | Reached XP level 3. HP: 17/31 MP: 2/2
   648 | D:1      | Reached skill level 1 in Armour
  1494 | D:2      | Reached XP level 4. HP: 37/38 MP: 3/3
  2311 | D:2      | Reached XP level 5. HP: 39/46 MP: 4/4
  2312 | D:2      | Found an ornate altar of the Wu Jian Council.
  3072 | D:4      | Noticed an ogre
  3096 | D:4      | Killed an ogre
  3096 | D:4      | Reached XP level 6. HP: 52/52 MP: 5/5
  3354 | D:4      | Noticed Edmund
  3369 | D:4      | Killed Edmund
  3369 | D:4      | Reached XP level 7. HP: 19/59 MP: 6/6
  3531 | D:4      | Found a sacrificial altar of Ru.
  3926 | D:5      | Entered Level 5 of the Dungeon
  4473 | D:5      | Found a staircase to the Ecumenical Temple.
  4511 | Temple   | Entered the Ecumenical Temple
  5143 | D:5      | You fall through a shaft!
  5152 | D:6      | Reached XP level 8. HP: 63/67 MP: 7/7
  5250 | D:6      | Reached skill level 5 in Dodging
  5256 | D:6      | Reached skill level 5 in Short Blades
  5327 | D:6      | Noticed Grinder
  5328 | D:6      | Found a shimmering altar of Xom.
  5335 | D:6      | Paralysed by Grinder for 3 turns
  5367 | D:6      | Killed Grinder
  5367 | D:6      | Reached skill level 5 in Fighting
  5627 | D:6      | Reached skill level 5 in Stealth
  5871 | D:6      | Reached XP level 9. HP: 68/74 MP: 8/8
  6025 | D:7      | Reached skill level 5 in Armour
  7168 | D:8      | Noticed Grum
  7273 | D:8      | Killed Grum
  7273 | D:8      | Reached XP level 10. HP: 47/83 MP: 9/9
  7735 | D:9      | Learned a level 1 spell: Confusing Touch
  7790 | D:9      | Identified a scroll of acquirement
  7871 | D:9      | Found Ikkador's Gadget Shop.
  8356 | D:9      | Found a glowing silver altar of Zin.
  8419 | D:9      | Found Adghejom's Distillery.
  8435 | D:9      | Found a runed translucent door.
  8436 | D:9      | Noticed ThereIsNoGod's ghost (novice OpFi)
  8498 | D:9      | Reached skill level 1 in Spellcasting
  8703 | D:9      | Found a deep blue altar of Sif Muna.
  8790 | D:9      | Bought a potion of heal wounds for 70 gold pieces
  8806 | D:9      | Found a basalt altar of Yredelemnul.
  8838 | D:9      | Found Udoyfirph's Assorted Antiques.
  8869 | D:9      | Found a sacrificial altar of Ru.
  8869 | D:9      | Found a shattered altar of Ashenzari.
  8871 | D:9      | Found a hide-covered altar of Uskayaw.
  8871 | D:9      | Found an iron altar of Okawaru.
  8903 | D:9      | Became a worshipper of Ashenzari the Shackled
  8903 | D:9      | Reached * piety under Ashenzari
  8903 | D:9      | Reached ** piety under Ashenzari
  9305 | D:9      | Reached skill level 1 in Hexes
  9584 | D:9      | Found a burning altar of Makhleb.
  9585 | D:9      | Noticed an angel
  9587 | D:9      | Noticed a green death
  9730 | D:10     | Entered Level 10 of the Dungeon
  9811 | D:10     | Noticed a death knight
  9991 | D:10     | Noticed a brown ugly thing
 10011 | D:10     | Killed a brown ugly thing
 10027 | D:10     | Slain by a troll

Skill      XL: |  1  2  3  4  5  6  7  8  9 10 |
---------------+-------------------------------+-----
Short Blades   | 3 4 5 6 7 |  7.7
Dodging        | 3 4 5 6 7 |  7.8
Armour         | 1 2 3 4 6 7 |  7.1
Stealth        | 3 4 5 6 7 |  7.0
Fighting       | 4 5 6 |  6.9
Spellcasting   | 1 |  1.7
Hexes          | 1 |  1.5

Action                   |  1- 3 |  4- 6 |  7- 9 | 10-12 || total
-------------------------+-------+-------+-------+-------++-------
Melee: Short sword       |   156 |   207 |   545 |   293 ||  1201
       Rapier            |       |       |       |    68 ||    68
 Fire: Blowgun           |       |       |       |     2 ||     2
Evoke: Wand              |       |       |       |     1 ||     1
  Use: Scroll            |     2 |     3 |     3 |     6 ||    14
       Potion            |       |     1 |     1 |     5 ||     7
 Stab: Sleeping          |     6 |     3 |     3 |     2 ||    14
       Distracted        |       |       |     1 |       ||     1
  Eat: Chunk             |    12 |    19 |    54 |    29 ||   114
Armor: Robe              |    38 |     1 |       |       ||    39
       Ring mail         |       |    50 |   110 |    87 ||   247
Dodge: Dodged            |   135 |   135 |   367 |   309 ||   946
